 Dungeon Crawl Stone Soup version 0.21.1-1-g345015f (webtiles) character file.

2411486 PaperRat the Impregnable (level 27, 231/231 HPs)
             Began as a Demonspawn Fighter on Mar 30, 2018.
             Was the Champion of Okawaru.
             Escaped with the Orb
             ... and 4 runes on Apr 1, 2018!
             The game lasted 12:31:26 (72791 turns).

PaperRat the Impregnable (Demonspawn Fighter)      Turns: 72791, Time: 12:31:27

Health: 231/231    AC: 61    Str: 27    XL:     27
Magic:  46/46      EV: 17    Int: 17    God:    Okawaru [******]
Gold:   6516       SH: 19    Dex: 17    Spells: 16/26 levels left

rFire    + + +     SeeInvis .   a - +7 morningstar "Cibuc" {speed, rN+}
rCold    + + +     Gourm    .   h - +4 shield
rNeg     + + +     Faith    .   X - +8 orange crystal plate armour {Archmagi, Int+3 Clar}
rPois    +         Spirit   +   W - +2 hat of the Bear Spirit {Spirit, +Rage rN+ MR++}
rElec    +         Reflect  .   p - +2 cloak {rF+}
rCorr    +         Harm     .   K - +2 pair of gloves "Godghog" {rF+ Int+3 Dex-2}
MR       +++++     Clarity  +   (boots unavailable)
Stlth    ..........             z - amulet of the Four Winds {rN+ MR+++ Clar}
HPRegen  0.48/turn              R - ring of Activism {*Drain rElec rPois rF+ rC++}
MPRegen  0.30/turn              L - ring of Circularity {MP+9 Dex+5}

@: no status effects
A: beak, hooves 3, yellow scales 3, cold resistance 1, icemail, powered by death
3, electricity resistance, augmentation 3, freezing cloud immunity
0: Orb of Zot
}: 4/15 runes: decaying, slimy, silver, gossamer
a: Heroism, Finesse, Renounce Religion, Evoke Berserk Rage


You escaped.
You worshipped Okawaru.
Okawaru was exalted by your worship.
You were very full.

You visited 12 branches of the dungeon, and saw 58 of its levels.
You also visited: Ice Cave and Volcano.

You collected 10860 gold pieces.
You spent 4344 gold pieces at shops.

Inventory:

Hand Weapons
 a - the +7 morningstar "Cibuc" (weapon) {speed, rN+}
   (You took it off a tengu reaver on level 2 of the Depths)

   Attacks with this weapon are significantly faster.
   It protects you from negative energy.
 b - the +10 hand crossbow of the Dove {freeze, Int+7}
   (You found it on level 3 of the Swamp)

   It causes projectiles fired from it to freeze those they strike, causing
   extra injury to most foes and up to half again as much damage against
   particularly susceptible opponents.
   They can also slow down cold-blooded creatures.
   It affects your intelligence (+7).
 c - the +7 broad axe of Ymeota {speed, *Noise rElec rC+}
   (Okawaru gifted it to you on level 3 of the Pits of Slime)

   Attacks with this weapon are significantly faster.
   It protects you from cold.
   It insulates you from electricity.
   It may make noises in combat.
 d - a +8 demon trident of electrocution
Missiles
 k - 2672 bolts
 C - 6 throwing nets (quivered) {!f}
Armour
 h - a +4 shield (worn)
 p - a +2 cloak of fire resistance (worn)
 K - the +2 pair of gloves "Godghog" (worn) {rF+ Int+3 Dex-2}
   (You found it on level 5 of the Pits of Slime)

   It affects your intelligence (+3).
   It affects your dexterity (-2).
   It protects you from fire.
 W - the +2 hat of the Bear Spirit (worn) {Spirit, +Rage rN+ MR++}
   (Okawaru gifted it to you on level 3 of the Crypt)

   It protects you from negative energy.
   It affects your resistance to hostile enchantments.
   It lets you go berserk.
 X - the +8 orange crystal plate armour (worn) {Archmagi, Int+3 Clar}
   (You found it on level 15 of the Dungeon)

   It affects your intelligence (+3).
   It protects you against confusion.
Jewellery
 z - the amulet of the Four Winds (around neck) {rN+ MR+++ Clar}
   (You took it off a deep elf demonologist on level 3 of the Elven Halls)

   [amulet of nothing]

   It protects you from negative energy.
   It affects your resistance to hostile enchantments.
   It protects you against confusion.
 L - the ring of Circularity (right hand) {MP+9 Dex+5}
   (You found it on level 4 of the Depths)

   [ring of magical power]

   It affects your dexterity (+5).
   It affects your magic capacity (+9).
 R - the ring of Activism (left hand) {*Drain rElec rPois rF+ rC++}
   (You found it on level 3 of the Depths)

   [ring of protection from fire]

   It protects you from fire.
   It greatly protects you from cold.
   It insulates you from electricity.
   It protects you from poison.
   It causes draining when unequipped.
Wands
 q - a wand of paralysis (94)
 t - a wand of clouds (6)
 u - a wand of scattershot (3)
 F - a wand of enslavement (39)
 H - a wand of digging (68)
 J - a wand of disintegration (50)
 P - a wand of acid (41)
 Q - a wand of iceblast (44)
Scrolls
 j - 11 scrolls of fear
 l - 3 scrolls of blinking
 m - 5 scrolls of identify
 n - a scroll of summoning
 B - 31 scrolls of remove curse
 E - 27 scrolls of teleportation
 I - a scroll of silence
 M - 3 scrolls of magic mapping
 V - 3 scrolls of fog
Potions
 e - 3 potions of haste
 g - 6 potions of mutation
 i - 4 potions of invisibility
 r - 8 potions of resistance
 v - 17 potions of curing
 x - 5 potions of cancellation
 A - 10 potions of flight
 G - 5 potions of might
 N - 5 potions of berserk rage
 O - 5 potions of agility
 Y - 6 potions of heal wounds
Miscellaneous
 y - 4 sacks of spiders
 D - a phial of floods
 S - 4 phantom mirrors
 T - 4 boxes of beasts
 U - a lightning rod (4/4)
Comestibles
 f - 69 rations


   Skills:
 + Level 22.2 Fighting
 - Level 16.3(19.2) Axes
 - Level 12.6(16.0) Maces & Flails
 - Level 13.6(16.7) Polearms
 - Level 14.4 Crossbows
 + Level 24.4 Armour
 + Level 17.0 Dodging
 - Level 15.0 Shields
 - Level 10.0 Invocations
 - Level 20.0 Evocations


You had 16 spell levels left.
You knew the following spells:

 Your Spells              Type           Power        Failure   Level  Hunger
a - Deflect Missiles      Chrm/Air       #.........   100%        6    #######
b - Apportation           Tloc           #.....       88%         1    ##.....
c - Summon Butterflies    Summ           #.......     88%         1    ##.....
d - Swiftness             Chrm/Air       #.......     96%         2    ###....


Dungeon Overview and Level Annotations

Branches:
Dungeon (15/15)            Temple (1/1) D:7            Lair (6/6) D:8
  Swamp (4/4) Lair:3       Spider (4/4) Lair:3        Slime (5/5) Lair:5
    Orc (2/2) D:10            Elf (3/3) Orc:2        Vaults (5/5) D:14
  Crypt (3/3) Vaults:3       Tomb (0/3) Crypt:3      Depths (5/5) D:15
    Zot (5/5) Depths:5

Altars:
Ashenzari
Dithmenos
Elyvilon
Fedhas
Gozag
Hepliaklqana
Kikubaaqudgha
Nemelex Xobeh
Okawaru
Qazlal
Ru
Trog
Uskayaw
Vehumet
Wu Jian
Xom
Yredelemnul
Zin
The Shining One
Beogh

Shops:
D:9 !   D:10 }   D:12 (   Orc:2 *[(=   Elf:2 *   Elf:3 :   Vaults:5 [
Depths:2 :   Depths:3 :

Portals:
Hell: Depths:1 Depths:2 Depths:3 Depths:4 Depths:5
Abyss: Depths:1 Depths:2 Depths:4
Pandemonium: Depths:1 Depths:3 Depths:4
Ziggurat: Depths:5
Trove: Depths:5 (give +5 demon whip)

Annotations:
Depths:4 3 runed doors


Innate Abilities, Weirdness & Mutations

You have hooves in place of feet.
You are completely covered in yellow scales. (AC +4, rCorr)
Your flesh is cold resistant. (rC+)
A meltable icy envelope protects you from harm. (AC +10)
You regenerate a lot of health from kills.
Your magical and physical power is greatly enhanced at high health.
You are immune to freezing clouds.
You have a beak for a mouth.
You are resistant to electric shocks. (rElec)


Message History

You start resting.
You feel yourself slow down.
You start resting.
Magic restored.
You start resting.
A rust devil comes into view.
You hit the rust devil. You kick the rust devil.
The rust devil is lightly wounded.
You sock the rust devil! You kick the rust devil!!
Your peck misses the rust devil.
The rust devil is almost dead.
You block the rust devil's attack.
You bludgeon the rust devil!!
You kill the rust devil!
Okawaru accepts your kill.
You start resting.
HP restored.
A mysterious force pulls you upwards. The hatch slams shut behind you.
There is a staircase leading out of the dungeon here.
You have escaped!

# #......#.....#.# #
#......#######'#####
# ########
#.........# #
##.........##
#8.........8#
#...........#
#8.........8#
##.........##
####8@8#### #####


There were no monsters in sight!

Vanquished Creatures
  the Royal Jelly (Slime:5)
  Khufu (Crypt:3)
  Mara (Vaults:2)
  7 orbs of fire
  4 juggernauts
  4 ancient liches
  The ghost of keltmir the End of an Era, a master HOFi of Qazlal (Depths:3)
  Mennas (Crypt:2)
  A greater mummy (Crypt:3)
  Xtahua (Depths:4)
  Frederick (Depths:5)
  Bai Suzhen (Crypt:2)
  4 Killer Klowns (Zot:5)
  5 caustic shrikes (Depths:4)
  Jory (Vaults:2)
  A profane servitor (Crypt:3)
  3 curse toes
  9 golden dragons
  Nikola (Vaults:3)
  A bone dragon (Crypt:3)
  4 electric golems
  Jorgrun (Spider:2)
  25 tentacled monstrosities
  25 Orb Guardians (Zot:5)
  Asterion (Spider:2)
  9 liches
  8 quicksilver dragons
  2 deep elf blademasters (Elf:3)
  32 acid blobs
  13 death cobs
  5 titans
  2 deep elf master archers (Elf:3)
  Frances (Elf:1)
  8 ancient champions
  Kirke (D:14)
  7 sphinxes
  13 tengu reavers
  2 thorn hunters
  The ghost of Redear the Brawler, an adept DrIE of Jiyva (Swamp:4)
  14 shadow dragons
  15 storm dragons
  Donald (Orc:1)
  Roxanne (Spider:2)
  10 draconian monks
  The ghost of Aelig the Thaumaturge, an adept DrVM of Sif Muna (Depths:1)
  A revenant (Crypt:2)
  4 draconian knights
  9 azure jellies
  A fire giant (shapeshifter) (Elf:3)
  10 deep elf sorcerers
  An iron dragon (Depths:4)
  3 orc warlords
  20 vault wardens
  5 draconian scorchers
  6 emperor scorpions
  11 fire giants
  5 ghost moths
  Aizul (Vaults:3)
  The ghost of p0werm0de the Covert, a journeyman GnEn of Ashenzari (Swamp:3)
  4 deep elf elementalists
  10 draconian shifters
  A juggernaut zombie (Crypt:3)
  3 draconian stormcallers
  Louise (D:15)
  An angel (Depths:5)
  12 frost giants
  25 ironheart preservers
  2 curse skulls
  5 draconian annihilators
  7 ghouls (Crypt:1)
  33 very ugly things
  5 entropy weavers
  6 green draconians
  21 stone giants
  3 spriggan defenders
  2 war gargoyles
  9 vampire knights
  5 dire elephants (Depths:1)
  A juggernaut skeleton (Crypt:2)
  Nessos (D:13)
  9 white draconians
  10 yellow draconians
  13 black draconians
  12 deep elf demonologists
  14 deep elf annihilators
  9 purple draconians
  2 pale draconians (Depths:5)
  8 red draconians
  9 spark wasps
  4 eidola
  9 deep elf death magi
  10 death oozes
  13 great orbs of eyes
  A minotaur (shapeshifter) (D:12)
  11 ettins
  2 crystal guardians
  A mummy priest (Crypt:3)
  A merfolk impaler (Depths:4)
  15 fire dragons
  21 yaktaur captains
  12 jiangshi
  A hell beast (D:3)
  2 deep elf high priests
  5 rakshasas
  10 ice dragons
  23 hydras
  44 vault guards
  3 spriggan air magi
  2 ghost crabs
  5 catoblepae
  24 ogre magi
  12 centaur warriors
  66 two-headed ogres
  12 tengu warriors
  21 dancing weapons
  5 death knights
  13 alligators
  6 deep troll shamans
  14 deep troll earth magi
  6 orc high priests
  18 vampire magi
  11 death yaks
  11 spriggan berserkers
  Sonja (D:11)
  12 hell knights
  32 deep elf knights
  26 skeletal warriors
  A titan skeleton (Vaults:3)
  4 iron trolls
  34 deep trolls
  5 glowing orange brains
  2 storm dragon skeletons
  An anaconda zombie (Crypt:3)
  2 golden dragon zombies
  An unseen horror (shapeshifter) (Depths:4)
  6 flayed ghosts
  2 shadow wraiths (Vaults:4)
  A spark wasp zombie (Crypt:2)
  9 swamp dragons
  4 unseen horrors
  An obsidian statue (Volcano)
  7 wizards
  4 shambling mangroves
  14 phantasmal warriors
  5 harpies (Vaults:5)
  22 deep elf archers
  14 ironbrand convokers
  77 deep elf magi
  19 orb spiders
  10 necromancers
  6 shining eyes
  9 orc sorcerers
  A stone giant zombie (Crypt:3)
  A frost giant zombie (Crypt:1)
  25 orc knights
  33 wolf spiders
  A shining eye (shapeshifter) (Depths:1)
  66 ugly things
  5 manticores
  2 stone giant skeletons
  32 moths of wrath
  2 salamanders (Depths:4)
  A salamander (shapeshifter) (Depths:2)
  A shock serpent zombie (Crypt:1)
  6 cyclopes
  2 cyclopes (shapeshifter)
  3 elephants
  A toenail golem (Zot:5)
  A fire giant skeleton (D:15)
  An elephant (shapeshifter) (Vaults:4)
  5 black mambas
  7 tengu conjurers
  2 rust devils
  17 vault sentinels
  4 human skeletons (Vaults:3)
  A spiny frog (shapeshifter) (Depths:2)
  An eye of devastation (shapeshifter) (Depths:1)
  An ice statue (IceCv)
  An eye of devastation (Lair:5)
  3 torpor snails
  6 gargoyles
  14 spiny frogs
  Joseph (D:8)
  2 water nymphs (shapeshifter)
  2 storm dragon simulacra
  7 rime drakes
  4 spriggan zombies
  A human zombie (Vaults:3)
  67 yaktaurs
  7 komodo dragons
  The ghost of Totori the Conjurer, a novice DrIE of Hepliaklqana (D:4)
  15 demonic crawlers
  A white draconian skeleton (Crypt:3)
  An efreet (Volcano)
  10 freezing wraiths
  A yaktaur (shapeshifter) (Vaults:1)
  2 ice devils
  A queen bee (shapeshifter) (Vaults:3)
  8 guardian mummies (Crypt:3)
  The ghost of appiemonkey the Covered, an amateur MiFi of Cheibriados (D:5)
  26 jumping spiders
  16 polar bears
  A merfolk (shapeshifter) (Vaults:5)
  Grinder (D:4)
  8 trolls
  4 tyrant leeches
  A tengu simulacrum (Vaults:3)
  A harpy skeleton (Crypt:3)
  26 hornets
  A raiju (shapeshifter) (Vaults:3)
  A troll (shapeshifter) (Depths:3)
  15 blink frogs
  10 bog bodies
  A hippogriff (shapeshifter) (Vaults:4)
  95 slime creatures
  16 dream sheep
  3 ettin zombies
  14 hippogriffs
  5 flying skulls (Crypt:1)
  An ice dragon zombie (D:15)
  3 centaur simulacra
  8 spriggans
  4 air elementals
  A fire giant simulacrum (Crypt:2)
  A fire dragon skeleton (D:15)
  31 tarantellas
  48 yaks
  An orc simulacrum (Vaults:1)
  75 redbacks
  5 wyverns
  4 water elementals
  4 wraiths
  A shadow (Swamp:3)
  2 hungry ghosts
  3 vampires
  6 fire bats (Volcano)
  10 golden eyes
  A hog (shapeshifter) (Depths:2)
  3 steam dragons (Depths:5)
  A human (shapeshifter) (Depths:2)
  18 vampire mosquitoes
  4 basilisks
  3 fire elementals
  A golden eye (shapeshifter) (D:12)
  3 human simulacra
  A yaktaur simulacrum (Vaults:3)
  6 insubstantial wisps
  Edmund (D:5)
  8 wargs
  21 swamp worms
  13 water moccasins
  An acid dragon (shapeshifter) (Vaults:3)
  5 acid dragons
  A floating eye (shapeshifter) (Vaults:5)
  A deep troll skeleton (Vaults:3)
  3 meliai simulacra (D:13)
  8 porcupines
  19 swamp drakes
  A floating eye (Depths:2)
  A hornet zombie (Crypt:1)
  An eye of draining (shapeshifter) (Depths:1)
  63 orc warriors
  3 sky beasts
  The ghost of Lovchig the Shield-Bearer, an amateur DDFi (D:3)
  13 ice beasts
  2 ice dragon simulacra
  10 necrophages
  3 phantoms
  12 wolves
  An ettin simulacrum (Vaults:3)
  8 eyes of draining
  An elf zombie (Vaults:3)
  52 ogres
  7 boggarts
  14 crocodiles
  15 centaurs
  4 big kobolds
  A wyvern zombie (D:13)
  16 bullfrogs
  An earth elemental (Elf:2)
  A tengu zombie (Depths:1)
  3 scorpions
  9 killer bees
  A raiju zombie (Crypt:2)
  21 wights
  A spriggan skeleton (Crypt:3)
  3 electric eels
  6 howler monkeys (D:13)
  8 crimson imps
  8 lava snakes
  A bullfrog zombie (D:7)
  4 centaur zombies
  4 hounds
  A wyvern simulacrum (D:12)
  9 jellies
  28 orc priests
  3 bullfrog skeletons
  A gnoll shaman (D:4)
  25 orc wizards
  A soldier ant zombie (Crypt:1)
  An iron imp (Depths:1)
  A black bear skeleton (Crypt:3)
  3 iguanas
  2 hell rats (Lair:5)
  11 worker ants
  A killer bee zombie (D:9)
  A felid zombie (Crypt:3)
  A sky beast zombie (Crypt:1)
  A big kobold zombie (Crypt:2)
  A demigod skeleton (Crypt:2)
  A hound zombie (D:6)
  2 hound skeletons
  2 mummies (Crypt:3)
  3 worker ant zombies
  9 adders
  6 gnolls
  10 river rats
  A swamp drake skeleton (Crypt:3)
  5 shadow imps
  3 white imps (D:13)
  2 ufetubi (D:13)
  An ooze (D:5)
  2 adder skeletons
  2 worms (D:4)
  A barachi skeleton (Crypt:1)
  2 dart slugs
  A halfling skeleton (Crypt:1)
  2 leopard geckos
  96 orcs
  7 bats
  2 giant cockroaches (D:1)
  5 goblins
  9 hobgoblins
  4 jackals (D:2)
  5 quokkas
  4 ball pythons
  A frilled lizard (D:4)
  A giant cockroach zombie (Crypt:1)
  2 jackal zombies (D:7)
  25 kobolds
  4 quokka skeletons
  6 rats
  3 bushes
  2 crawling corpses (Elf:3)
  3 fungi
  2 plants
2897 creatures vanquished.

Vanquished Creatures (collateral kills)
  A tentacled monstrosity (Zot:5)
  A draconian shifter (Zot:4)
  2 black draconians (Zot:4)
  A green draconian (Zot:4)
  A red draconian (Zot:4)
  A yellow draconian (Zot:4)
  An eidolon (Crypt:2)
  A skeletal warrior (D:12)
  An anaconda zombie (Crypt:2)
  A snapping turtle zombie (Crypt:2)
  A phantom (D:12)
  A demigod zombie (Crypt:2)
13 creatures vanquished.

Vanquished Creatures (others)
  A tentacled monstrosity (Zot:2)
  A death cob (Zot:4)
  A draconian monk (Zot:5)
  A draconian shifter (Zot:4)
  A green draconian (Zot:5)
  An ettin (D:12)
  A skeletal warrior (Vaults:3)
  A hell knight (Depths:5)
  An orb spider (Spider:1)
  A slime creature (D:15)
  A yaktaur (Depths:3)
  2 polar bears (IceCv)
  2 redbacks
  A water elemental (D:13)
  A yak (IceCv)
  4 humans (D:14)
  An insubstantial wisp (Swamp:3)
  2 orc warriors
  A wolf (IceCv)
  An ogre (Vaults:1)
  An orc priest (Vaults:1)
  A white imp (Zot:5)
  4 fungi
  19 plants
51 creatures vanquished.

Grand Total: 2961 creatures vanquished

Notes
Turn   | Place    | Note
-------+----------+-------------------------------------------
     0 | D:1      | PaperRat the Demonspawn Fighter began the quest for the Orb.
     0 | D:1      | Reached XP level 1. HP: 18/18 MP: 1/1
   428 | D:1      | Gained mutation: Your flesh is cold resistant. (rC+) [demonic ancestry]
   428 | D:1      | Reached XP level 2. HP: 19/24 MP: 2/2
   889 | D:2      | Reached skill level 1 in Dodging
   889 | D:2      | Reached XP level 3. HP: 27/29 MP: 3/3
  1533 | D:3      | Reached XP level 4. HP: 25/35 MP: 4/4
  1544 | D:3      | Noticed Lovchig's ghost (amateur DDFi)
  1636 | D:3      | Killed Lovchig's ghost
  1636 | D:3      | Gained mutation: You are partially covered in yellow scales. (AC +2) [demonic ancestry]
  1636 | D:3      | Reached XP level 5. HP: 31/42 MP: 5/5
  1868 | D:3      | Found a shadowy altar of Dithmenos.
  2143 | D:4      | Noticed Grinder
  2147 | D:4      | Paralysed by Grinder for 4 turns
  2158 | D:4      | Killed Grinder
  2158 | D:4      | Gained mutation: You are immune to freezing clouds. [demonic ancestry]
  2158 | D:4      | Reached XP level 6. HP: 48/48 MP: 7/7
  2165 | D:4      | Noticed Totori's ghost (novice DrIE)
  2433 | D:4      | Reached skill level 5 in Axes
  2829 | D:4      | Got an ebony spear
  2861 | D:4      | Killed Totori's ghost
  2861 | D:4      | Gained mutation: You have large cloven feet. [demonic ancestry]
  2861 | D:4      | Reached XP level 7. HP: 31/53 MP: 9/9
  3022 | D:3      | Identified the +7 spear of Dried Tears {flame, rElec MR+ Str+4} (You found it on level 4 of the Dungeon)
  3307 | D:4      | Got a jewelled chain mail
  3367 | D:3      | Identified the +13 chain mail "Gicsuk" {*Slow rC+ rN+} (You found it on level 4 of the Dungeon)
  3641 | D:5      | Entered Level 5 of the Dungeon
  3646 | D:5      | Reached skill level 1 in Polearms
  3837 | D:5      | Gained mutation: You regenerate a little health from kills. [demonic ancestry]
  3837 | D:5      | Reached XP level 8. HP: 60/60 MP: 11/11
  3856 | D:5      | Noticed Edmund
  3868 | D:5      | Killed Edmund
  3926 | D:5      | Found an opulent altar of Gozag.
  3926 | D:5      | Found a shimmering altar of Xom.
  4285 | D:5      | Noticed appiemonkey's ghost (amateur MiFi)
  4307 | D:5      | Killed appiemonkey's ghost
  4307 | D:5      | Reached skill level 5 in Fighting
  4307 | D:5      | Reached skill level 5 in Polearms
  4649 | D:6      | Identified Dausam's Collected Works on Vitriolic Execration
  4944 | D:6      | Gained mutation: You are mostly covered in yellow scales. (AC +3) [demonic ancestry]
  4944 | D:6      | Reached XP level 9. HP: 69/69 MP: 12/12
  5482 | D:7      | Found a staircase to the Ecumenical Temple.
  5506 | Temple   | Entered the Ecumenical Temple
  5556 | Temple   | Became a worshipper of Warmaster Okawaru
  5600 | D:7      | Reached skill level 3 in Armour
  5623 | D:7      | Found a sacrificial altar of Ru.
  5881 | D:7      | Found a blossoming altar of Fedhas.
  5967 | D:7      | Reached skill level 4 in Armour
  6163 | D:8      | Reached * piety under Okawaru
  6164 | D:8      | Noticed Joseph
  6185 | D:8      | Killed Joseph
  6193 | D:8      | Reached XP level 10. HP: 68/76 MP: 13/13
  6405 | D:8      | Found a staircase to the Lair.
  6703 | D:8      | Noticed a two-headed ogre
  6707 | D:8      | Killed a two-headed ogre
  6707 | D:8      | Reached ** piety under Okawaru
  6707 | D:8      | Reached skill level 5 in Armour
  6710 | D:8      | Found a hide-covered altar of Uskayaw.
  6878 | D:9      | Reached skill level 1 in Invocations
  7015 | D:9      | Reached skill level 10 in Polearms
  7059 | D:9      | Found Apytujea's Distillery.
  7066 | D:9      | Bought a potion of resistance for 120 gold pieces
  7066 | D:9      | Bought a potion of haste for 120 gold pieces
  7066 | D:9      | Bought a potion of cancellation for 96 gold pieces
  7066 | D:9      | Bought a potion of degeneration for 12 gold pieces
  7170 | D:9      | Found a hazy altar of Hepliaklqana.
  7433 | D:9      | Reached *** piety under Okawaru
  7698 | D:10     | Entered Level 10 of the Dungeon
  8051 | D:10     | Noticed a red ugly thing
  8067 | D:10     | Killed a red ugly thing
  8210 | D:10     | Found a bloodstained altar of Trog.
  8302 | D:10     | Gained mutation: A meltable icy envelope protects you from harm. (AC +10) [demonic ancestry]
  8302 | D:10     | Reached XP level 11. HP: 83/83 MP: 14/14
  8328 | D:10     | Noticed a two-headed ogre
  8334 | D:10     | Killed a two-headed ogre
  8334 | D:10     | Reached **** piety under Okawaru
  8334 | D:10     | Reached skill level 5 in Invocations
  8407 | D:10     | Found a staircase to the Orcish Mines.
  8437 | D:10     | Found Xoewuf's Gadget Shoppe.
  8616 | Lair:1   | Entered Level 1 of the Lair of Beasts
  8642 | Lair:1   | Found a dark tunnel.
  8651 | Volcano  | Entered a volcano
  8837 | Volcano  | Noticed a stone giant
  8848 | Volcano  | Found a bloodstained altar of Trog.
  8855 | Volcano  | Killed a stone giant
  8874 | Volcano  | Reached ***** piety under Okawaru
  9040 | Volcano  | Noticed an obsidian statue
  9059 | Volcano  | Killed an obsidian statue
  9444 | Lair:1   | Received a gift from Okawaru
  9499 | Lair:1   | Reached skill level 5 in Evocations
 10199 | Lair:2   | Reached XP level 12. HP: 94/94 MP: 18/18
 10892 | Lair:3   | Received a gift from Okawaru
 10930 | Lair:3   | Reached skill level 6 in Armour
 10933 | Lair:3   | Found a hole to the Spider Nest.
 11050 | Lair:3   | Reached skill level 10 in Invocations
 11132 | Lair:3   | Reached skill level 10 in Fighting
 11215 | Lair:3   | Found a staircase to the Swamp.
 11230 | Lair:3   | Reached skill level 1 in Crossbows
 11905 | Lair:4   | Noticed a seven-headed hydra
 11913 | Lair:4   | Killed a seven-headed hydra
 12152 | Lair:4   | Noticed a catoblepas
 12160 | Lair:4   | Killed a catoblepas
 12163 | Lair:4   | Received a gift from Okawaru
 12461 | Lair:4   | Noticed a five-headed hydra
 12466 | Lair:4   | Reached skill level 7 in Armour
 12473 | Lair:4   | Killed a five-headed hydra
 12473 | Lair:4   | Received a gift from Okawaru
 12787 | Lair:4   | Reached skill level 5 in Crossbows
 12905 | Lair:5   | Noticed a death yak
 12905 | Lair:5   | Noticed a six-headed hydra
 12913 | Lair:5   | Noticed a death yak
 12913 | Lair:5   | Killed a six-headed hydra
 12913 | Lair:5   | Received a gift from Okawaru
 12930 | Lair:4   | Killed a death yak
 12930 | Lair:4   | Reached XP level 13. HP: 100/103 MP: 20/20
 13011 | Lair:5   | Received a gift from Okawaru
 13141 | Lair:5   | Received a gift from Okawaru
 13164 | Lair:5   | Got a pair of steaming boots {god gift}
 13170 | Lair:5   | Identified the +2 pair of boots "Bocisuse" {rElec rCorr Dex+2} (Okawaru gifted it to you on level 5 of the Lair of Beasts)
 13222 | Lair:5   | Reached skill level 5 in Dodging
 13410 | Lair:5   | Found a staircase to the Slime Pits.
 13703 | Lair:5   | Identified a scroll of acquirement
 13704 | Lair:5   | Got a crude tin ring
 13734 | Lair:5   | Identified the ring of Baocs {+Blink Stlth+} (You acquired it on level 5 of the Lair of Beasts)
 13736 | Lair:6   | Entered Level 6 of the Lair of Beasts
 13742 | Lair:6   | Reached skill level 8 in Armour
 14263 | Lair:6   | Reached ****** piety under Okawaru
 14851 | Lair:6   | Got an ancient plate armour
 14991 | Lair:5   | Identified the +3 plate armour of Wu Jian's Pride {rF+} (You found it on level 6 of the Lair of Beasts)
 15041 | Lair:6   | Received a gift from Okawaru
 15262 | Lair:6   | Received a gift from Okawaru
 15469 | Lair:6   | Gained mutation: You regenerate health from kills. [demonic ancestry]
 15469 | Lair:6   | Reached XP level 14. HP: 111/111 MP: 21/21
 15487 | Lair:6   | Received a gift from Okawaru
 15894 | Lair:6   | Identified the Catalogue of Curses and Sinister Magic
 15898 | Lair:6   | Got a pair of distressingly furry boots
 16332 | D:10     | Identified the +2 pair of boots of the Wumpus {rC+ rCorr} (You found it on level 6 of the Lair of Beasts)
 16639 | D:11     | Found a frozen archway.
 16663 | D:11     | Received a gift from Okawaru
 16689 | IceCv    | Entered an ice cave
 16822 | IceCv    | Reached skill level 10 in Crossbows
 17259 | IceCv    | Noticed a frost giant
 17287 | IceCv    | Received a gift from Okawaru
 17308 | IceCv    | Killed a frost giant
 17371 | IceCv    | Identified Tiuc Ojaucw's Disquisition on the Snowflakes
 17696 | D:11     | Noticed Sonja
 17699 | D:11     | Killed Sonja
 18527 | D:12     | Received a gift from Okawaru
 18744 | D:12     | Found Sutriaf's Weapon Emporium.
 18984 | D:12     | Received a gift from Okawaru
 19107 | D:12     | Noticed a tengu reaver
 19173 | D:12     | Noticed a stone giant
 19188 | D:12     | Killed a tengu reaver
 19217 | D:12     | Killed a stone giant
 19224 | D:12     | Noticed an entropy weaver
 19224 | D:12     | a queen ant changed into an entropy weaver
 19231 | D:12     | Gained mutation: You have hoof-like feet. [demonic ancestry]
 19231 | D:12     | Reached XP level 15. HP: 69/120 MP: 13/22
 19429 | D:13     | Noticed Nessos
 19446 | D:13     | Killed Nessos
 20248 | D:13     | Received a gift from Okawaru
 20544 | D:14     | Received a gift from Okawaru
 20631 | D:14     | You fall through a shaft!
 20631 | D:15     | Entered Level 15 of the Dungeon
 20631 | D:15     | Found a staircase to the Depths.
 21051 | D:15     | Noticed Louise
 21062 | D:15     | Killed Louise
 21089 | D:15     | Received a gift from Okawaru
 21090 | D:15     | Got a steaming cloak {god gift}
 21100 | D:15     | Got an ichor-stained large shield
 21294 | D:15     | Found the +8 orange crystal plate armour {Archmagi, Int+3 Clar}
 21310 | D:15     | Identified the +2 cloak of Muttered Phrases {+Blink +Inv rElec rC-} (Okawaru gifted it to you on level 15 of the Dungeon)
 21311 | D:15     | Identified the +5 large shield of the Gate {Dex+4} (You took it off Louise on level 15 of the Dungeon)
 22065 | D:14     | Found a gate to the Vaults.
 22071 | D:14     | Noticed Kirke
 22104 | D:14     | Killed Kirke
 23233 | Orc:1    | Entered Level 1 of the Orcish Mines
 23248 | Orc:1    | Received a gift from Okawaru
 23548 | Orc:2    | Entered Level 2 of the Orcish Mines
 23549 | Orc:2    | Found a staircase to the Elven Halls.
 23569 | Orc:2    | Reached XP level 16. HP: 129/130 MP: 23/23
 23570 | Orc:2    | Noticed Donald
 23619 | Orc:1    | Killed Donald
 23641 | Orc:2    | Found Zangapur's General Store.
 23667 | Orc:1    | Received a gift from Okawaru
 23896 | Orc:2    | Found Mehiucsa's Antique Armour Shop.
 24190 | Orc:2    | Gained mutation: Scrolls take you a little longer to read. [a neqoxec]
 24278 | Orc:2    | Found Iddeitad's Antique Weapon Shop.
 24302 | Orc:2    | Found Vaemots's Jewellery Shop.
 24371 | Orc:2    | Bought a glowing executioner's axe for 390 gold pieces
 24607 | Orc:2    | Bought a shimmering plate armour for 672 gold pieces
 25093 | Orc:1    | Found a roughly hewn altar of Beogh.
 25499 | Orc:2    | Bought a potion of mutation for 120 gold pieces
 25499 | Orc:2    | Bought a potion of haste for 150 gold pieces
 25499 | Orc:2    | Lost mutation: Scrolls take you a little longer to read. [potion of mutation]
 25499 | Orc:2    | Gained mutation: You have supernaturally acute eyesight. (SInv) [potion of mutation]
 25499 | Orc:2    | Gained mutation: You have a pair of small horns on your head. [potion of mutation]
 25500 | Orc:2    | Lost mutation: You have a pair of small horns on your head. [potion of mutation]
 25500 | Orc:2    | Lost mutation: You have supernaturally acute eyesight. (SInv) [potion of mutation]
 25500 | Orc:2    | Gained mutation: You have supernaturally acute eyesight. (SInv) [potion of mutation]
 25500 | Orc:2    | Gained mutation: You have a pair of small horns on your head. [potion of mutation]
 25500 | Orc:2    | Gained mutation: Your flesh is heat resistant. (rF+) [potion of mutation]
 25504 | Orc:2    | Identified the +4 plate armour of the Raven {rElec rC++ Dex-4 Stlth+} (You bought it in a shop on level 2 of the Orcish Mines)
 25598 | D:10     | Bought a wand of acid (8) for 336 gold pieces
 25806 | Swamp:1  | Entered Level 1 of the Swamp
 25954 | Swamp:1  | Received a gift from Okawaru
 25968 | Swamp:1  | Got a crude buckler {god gift}
 26143 | Swamp:1  | Noticed a thorn hunter
 26158 | Swamp:1  | Killed a thorn hunter
 27266 | Swamp:2  | Identified the +4 ring mail of the Evil One {Str+2} (You found it on level 2 of the Swamp)
 27690 | Swamp:3  | Got a smoking hand crossbow
 27695 | Swamp:3  | Identified the +10 hand crossbow of the Dove {freeze, Int+7} (You found it on level 3 of the Swamp)
 27785 | Swamp:1  | Identified the +2 buckler of Pantheism {MR++} (Okawaru gifted it to you on level 1 of the Swamp)
 27909 | Swamp:3  | Noticed p0werm0de's ghost (journeyman GnEn)
 27956 | Swamp:3  | Received a gift from Okawaru
 27961 | Swamp:3  | Reached XP level 17. HP: 99/139 MP: 24/24
 27964 | Swamp:3  | Killed p0werm0de's ghost
 28317 | Swamp:3  | Received a gift from Okawaru
 28475 | Swamp:4  | Entered Level 4 of the Swamp
 28527 | Swamp:4  | Noticed a tentacled monstrosity
 28544 | Swamp:4  | Killed a tentacled monstrosity
 28570 | Swamp:4  | Reached skill level 5 in Shields
 28819 | Swamp:4  | Reached skill level 9 in Armour
 28965 | Swamp:4  | Noticed Redear's ghost (adept DrIE)
 29069 | Swamp:4  | Killed Redear's ghost
 29451 | Swamp:4  | Received a gift from Okawaru
 29452 | Swamp:4  | Got a faintly glowing glaive {god gift}
 29545 | Swamp:4  | Identified the +2 glaive "Loniaf" {pain, rC+ rN+} (Okawaru gifted it to you on level 4 of the Swamp)
 29654 | Swamp:4  | Got a decaying rune of Zot
 29943 | Spider:1 | Entered Level 1 of the Spider Nest
 30106 | Spider:1 | Received a gift from Okawaru
 30286 | Spider:1 | Reached skill level 10 in Armour
 30690 | Spider:1 | Got a slimy scale mail
 30701 | Spider:1 | Identified the +6 scale mail of Qimuilaz {rF++ SInv} (You acquired it on level 1 of the Spider Nest)
 30965 | Spider:2 | Received a gift from Okawaru
 30966 | Spider:2 | Got an ancient shield {god gift}
 31054 | Spider:1 | Identified the +1 shield of Analysis {Slay+2 Stlth+} (Okawaru gifted it to you on level 2 of the Spider Nest)
 31238 | Spider:2 | Noticed Asterion
 31269 | Spider:2 | Killed Asterion
 31535 | Spider:2 | Noticed Roxanne
 31557 | Spider:2 | Killed Roxanne
 31557 | Spider:2 | Gained mutation: You regenerate a lot of health from kills. [demonic ancestry]
 31557 | Spider:2 | Reached XP level 18. HP: 146/146 MP: 25/25
 31564 | Spider:2 | Identified Roxanne's Guide on Stones (You took it off Roxanne on level 2 of the Spider Nest)
 31874 | Spider:2 | Reached skill level 10 in Shields
 31921 | Spider:3 | Noticed Jorgrun
 31938 | Spider:2 | Killed Jorgrun
 32154 | Spider:3 | Reached skill level 11 in Armour
 32358 | Spider:3 | Got an ichor-stained scale mail
 32449 | Spider:3 | Identified the +4 scale mail "Acromp" {Str+3} (You found it on level 3 of the Spider Nest)
 32455 | Spider:4 | Entered Level 4 of the Spider Nest
 32814 | Spider:4 | Received a gift from Okawaru
 34081 | Spider:4 | Got a gossamer rune of Zot
 34537 | Elf:1    | Entered Level 1 of the Elven Halls
 34826 | Elf:1    | Received a gift from Okawaru
 35063 | Elf:1    | Reached skill level 12 in Armour
 35364 | Elf:1    | Noticed Frances
 35383 | Elf:1    | Killed Frances
 35383 | Elf:1    | Received a gift from Okawaru
 35717 | Elf:1    | Gained mutation: Your magical and physical power is slightly enhanced at high health. [demonic ancestry]
 35717 | Elf:1    | Reached XP level 19. HP: 126/152 MP: 26/26
 36042 | Elf:2    | Received a gift from Okawaru
 36336 | Elf:2    | Found a runed gate.
 36336 | Elf:2    | Found a runed gate.
 36341 | Elf:2    | Found a runed gate.
 36584 | Elf:2    | Got a scorched hand axe
 36667 | Elf:2    | Found Tytule's General Store.
 36681 | Elf:2    | Bought a potion of agility for 64 gold pieces
 36681 | Elf:2    | Bought a scroll of enchant armour for 120 gold pieces
 36681 | Elf:2    | Bought a potion of mutation for 128 gold pieces
 37212 | Elf:2    | Received a gift from Okawaru
 37220 | Elf:2    | Got a heavy robe {god gift}
 37466 | Elf:2    | Identified the +6 hand axe "Loesty Kejio" {flame, Str+2} (You found it on level 2 of the Elven Halls)
 37475 | Elf:3    | Entered Level 3 of the Elven Halls
 38309 | Elf:3    | Found Wudil's Book Shoppe.
 38713 | Elf:3    | Reached skill level 15 in Shields
 39170 | Elf:3    | Noticed a Brimstone Fiend
 39508 | Elf:3    | Got an encrusted glaive {chop}
 39508 | Elf:3    | Got faintly humming steam dragon scales
 39525 | Elf:3    | Got a warped trident {flame}
 39610 | Elf:3    | Got a translucent platinum amulet
 39631 | Elf:3    | Gained mutation: You have hooves in place of feet. [demonic ancestry]
 39631 | Elf:3    | Reached XP level 20. HP: 160/160 MP: 27/27
 39643 | Elf:3    | Identified the Almanac of Attacks
 39666 | Elf:3    | Got a twisted ring mail
 39674 | Elf:3    | Identified the amulet of Ephemeral Luck {Spirit *Contam +Fly rN+} (You took it off a deep elf demonologist on level 3 of the Elven Halls)
 39708 | Elf:3    | Got a distressingly furry ring mail
 39733 | Elf:3    | Identified the Handbook of Ignition and Stolen Souls
 39859 | Elf:3    | Identified the +3 steam dragon scales "Eneveymi" {MR+ Str+3} (You took it off a deep elf mage on level 3 of the Elven Halls)
 39869 | Elf:3    | Identified the +1 ring mail of Magic {rF- rCorr Int+3} (You found it on level 3 of the Elven Halls)
 39879 | Elf:3    | Identified the +3 ring mail of Leaves {Regen+ Int+5} (You found it on level 3 of the Elven Halls)
 39928 | Elf:3    | Identified the cursed +2 glaive of Sin {chop, rN+} (You took it off a deep elf mage on level 3 of the Elven Halls)
 39929 | Elf:3    | Identified the +9 trident "Wosigor" {flame, Dex+8} (You took it off a deep elf demonologist on level 3 of the Elven Halls)
 40336 | D:11     | Learned a level 6 spell: Deflect Missiles
 40442 | D:12     | Learned a level 1 spell: Apportation
 40444 | D:12     | Learned a level 1 spell: Summon Butterflies
 40674 | Elf:2    | Learned a level 2 spell: Swiftness
 40988 | Vaults:1 | Entered Level 1 of the Vaults
 41084 | Vaults:1 | Received a gift from Okawaru
 41597 | Vaults:1 | Reached skill level 10 in Dodging
 42030 | Vaults:1 | Reached skill level 10 in Evocations
 42058 | Vaults:1 | Reached skill level 15 in Fighting
 42242 | Vaults:1 | Received a gift from Okawaru
 42566 | Vaults:1 | Received a gift from Okawaru
 42957 | Vaults:2 | Noticed Jory
 42978 | Vaults:2 | Killed Jory
 42978 | Vaults:2 | Received a gift from Okawaru
 43057 | Vaults:2 | Received a gift from Okawaru
 43520 | Vaults:2 | Reached skill level 13 in Armour
 43584 | Vaults:2 | Gained mutation: Your magical and physical power is enhanced at high health. [demonic ancestry]
 43584 | Vaults:2 | Reached XP level 21. HP: 170/170 MP: 29/29
 43942 | Vaults:2 | Noticed Mara
 43953 | Vaults:2 | Noticed PaperRat's illusion
 44058 | Vaults:2 | Killed Mara
 44134 | Vaults:2 | Reached skill level 14 in Armour
 44285 | Vaults:2 | Received a gift from Okawaru
 44469 | Vaults:2 | Received a gift from Okawaru
 44649 | Vaults:3 | Noticed Aizul
 44659 | Vaults:3 | Killed Aizul
 44726 | Vaults:3 | Found a staircase to the Crypt.
 44999 | Vaults:3 | Reached skill level 15 in Armour
 45235 | Vaults:3 | Noticed Nikola
 45244 | Vaults:3 | Killed Nikola
 45639 | Vaults:3 | Reached XP level 22. HP: 171/178 MP: 31/31
 45647 | Vaults:3 | Received a gift from Okawaru
 45674 | Vaults:3 | Reached skill level 16 in Armour
 46258 | Vaults:3 | Got a faintly humming ring mail
 46260 | Vaults:3 | Got a scorched sapphire amulet
 46273 | Vaults:3 | Identified the +0 ring mail "Cisopt" {MR- rCorr SInv} (You acquired it on level 3 of the Vaults)
 46284 | Vaults:3 | Identified the amulet of the Wary Deaths {Faith -Tele MR++} (You acquired it on level 3 of the Vaults)
 46310 | Vaults:4 | Received a gift from Okawaru
 46694 | Vaults:4 | Received a gift from Okawaru
 46734 | Vaults:4 | Reached skill level 17 in Armour
 47614 | Vaults:4 | Received a gift from Okawaru
 47868 | Vaults:5 | Entered Level 5 of the Vaults
 47924 | Vaults:4 | Received a gift from Okawaru
 47976 | Vaults:4 | Received a gift from Okawaru
 48006 | Vaults:4 | Reached skill level 18 in Armour
 48043 | Vaults:5 | Reached XP level 23. HP: 132/184 MP: 34/34
 48113 | Vaults:5 | Reached skill level 15 in Evocations
 48341 | Vaults:5 | Got a warped broad axe {freeze}
 48358 | Vaults:4 | Identified the +7 broad axe "Vasa" {freeze, rElec} (You took it off an ironbrand convoker on level 5 of the Vaults)
 48710 | Vaults:5 | Received a gift from Okawaru
 48777 | Vaults:5 | Got an encrusted crystal plate armour {god gift}
 49400 | Vaults:5 | Found the +8 frozen axe "Frostbite" {freezing cloud, *Noise +Fly rC+}
 49420 | Vaults:5 | Got a translucent plate armour
 49657 | Vaults:5 | Found Xonte's Armour Shop.
 49689 | Vaults:5 | Got a silver rune of Zot
 49717 | Vaults:5 | Bought a +1 pair of gloves of dexterity for 330 gold pieces
 50092 | D:15     | Identified the +3 crystal plate armour "Zadadae" {rC+ rCorr Str+2 Int-5} (Okawaru gifted it to you on level 5 of the Vaults)
 50093 | D:15     | Identified the +6 plate armour of Epum {Str-4 Dex+6} (You found it on level 5 of the Vaults)
 50631 | D:10     | Got a slimy pewter ring
 50633 | D:10     | Got a clouded silver amulet
 50634 | D:10     | Identified the amulet of Enit Tesk {RegenMP Str+3} (You acquired it on level 10 of the Dungeon)
 50637 | D:10     | Identified the ring "Pumpaug" {+Inv rElec rN+ MP+9 Dex-5} (You acquired it on level 10 of the Dungeon)
 50718 | Orc:2    | Bought an uncursed ring of positive energy for 300 gold pieces
 50788 | D:10     | Bought a box of beasts for 280 gold pieces
 50788 | D:10     | Bought a wand of iceblast (7) for 154 gold pieces
 50788 | D:10     | Bought a sack of spiders for 280 gold pieces
 50788 | D:10     | Bought a wand of enslavement (10) for 168 gold pieces
 50826 | D:9      | Bought 2 potions of resistance for 240 gold pieces
 50826 | D:9      | Bought a potion of mutation for 96 gold pieces
 50826 | D:9      | Bought a potion of heal wounds for 60 gold pieces
 50826 | D:9      | Bought a potion of curing for 36 gold pieces
 50826 | D:9      | Bought 2 potions of curing for 72 gold pieces
 50966 | Slime:1  | Entered Level 1 of the Pits of Slime
 51002 | Slime:1  | Received a gift from Okawaru
 52092 | Slime:3  | Reached skill level 10 in Axes
 52097 | Slime:3  | Reached XP level 24. HP: 183/195 MP: 35/35
 52134 | Slime:3  | Gained mutation: You have a beak for a mouth. [a shining eye]
 52161 | Slime:3  | Received a gift from Okawaru
 52181 | Slime:3  | Got a brightly glowing broad axe {god gift}
 52192 | Slime:3  | Identified the +7 broad axe of Ymeota {speed, *Noise rElec rC+} (Okawaru gifted it to you on level 3 of the Pits of Slime)
 52773 | Slime:5  | Entered Level 5 of the Pits of Slime
 52863 | Slime:5  | Noticed the Royal Jelly
 52869 | Slime:5  | Received a gift from Okawaru
 52903 | Slime:5  | Killed the Royal Jelly
 53575 | Slime:5  | Gained mutation: You are clumsy. (Dex -2) [a shining eye]
 53576 | Slime:5  | Gained mutation: You occasionally shout uncontrollably at your foes. [a shining eye]
 53578 | Slime:5  | Lost mutation: You are clumsy. (Dex -2) [potion of mutation]
 53578 | Slime:5  | Lost mutation: Your flesh is heat resistant. (rF+) [potion of mutation]
 53578 | Slime:5  | Lost mutation: You have a pair of small horns on your head. [potion of mutation]
 53578 | Slime:5  | Lost mutation: You occasionally shout uncontrollably at your foes. [potion of mutation]
 53578 | Slime:5  | Gained mutation: You are resistant to electric shocks. (rElec) [potion of mutation]
 53578 | Slime:5  | Gained mutation: You are frail. (-10% HP) [potion of mutation]
 53578 | Slime:5  | Lost mutation: You are frail. (-10% HP) [potion of mutation]
 53859 | Slime:5  | Got a wavering brass amulet
 53877 | Slime:5  | Got an ichor-stained plate armour
 53890 | Slime:5  | Got a pair of steaming gloves
 53903 | Slime:5  | Got a slimy rune of Zot
 53973 | Slime:5  | Identified the ring "Giokaixkez" {*Drain +Blink +Inv rC+ Str+2} (You found it on level 5 of the Pits of Slime)
 53974 | Slime:5  | Identified the amulet of Xom's Condemnation {Faith rF+} (You found it on level 5 of the Pits of Slime)
 53990 | Slime:5  | Identified the +2 pair of gloves "Godghog" {rF+ Int+3 Dex-2} (You found it on level 5 of the Pits of Slime)
 53990 | Slime:5  | Identified the cursed +0 plate armour of Inference {*Contam +Fly Str+4 SInv} (You found it on level 5 of the Pits of Slime)
 54620 | Crypt:1  | Entered Level 1 of the Crypt
 55323 | Crypt:1  | Received a gift from Okawaru
 55490 | Crypt:2  | Noticed Mennas
 55514 | Crypt:2  | Killed Mennas
 55514 | Crypt:2  | Received a gift from Okawaru
 55696 | Crypt:2  | Reached XP level 25. HP: 78/204 MP: 35/35
 55999 | Crypt:2  | Received a gift from Okawaru
 56427 | Crypt:2  | Noticed Bai Suzhen
 56451 | Crypt:2  | Killed Bai Suzhen
 56919 | Crypt:3  | Entered Level 3 of the Crypt
 57011 | Crypt:3  | Found an ancient bone altar of Kikubaaqudgha.
 57037 | Crypt:3  | Noticed a greater mummy
 57045 | Crypt:3  | Noticed Khufu
 57056 | Crypt:3  | Killed a greater mummy
 57446 | Crypt:3  | Killed Khufu
 57446 | Crypt:3  | Received a gift from Okawaru
 57447 | Crypt:3  | Found the +2 hat of the Bear Spirit {Spirit, +Rage rN+ MR++}
 58052 | Crypt:3  | Found an ancient bone altar of Kikubaaqudgha.
 58232 | Crypt:3  | Found a staircase to the Tomb.
 58600 | Crypt:3  | Found a basalt altar of Yredelemnul.
 58603 | Crypt:3  | Found an ancient bone altar of Kikubaaqudgha.
 58738 | Crypt:3  | Identified Sif Muna's Disquisition on Feathery Darkness
 59091 | Depths:1 | Entered Level 1 of the Depths
 59498 | Depths:1 | Reached skill level 19 in Armour
 59534 | Depths:1 | Reached skill level 15 in Axes
 59555 | Depths:1 | Received a gift from Okawaru
 59556 | Depths:1 | Got a smoking plate armour {god gift}
 59589 | Depths:1 | Found a gateway to Hell.
 59687 | Depths:1 | Identified the +2 plate armour "Avoetudwo" {rN+} (Okawaru gifted it to you on level 1 of the Depths)
 59826 | Depths:1 | Noticed Aelig's ghost (adept DrVM)
 59847 | Depths:1 | Killed Aelig's ghost
 59901 | Depths:1 | Found a one-way gate leading to the halls of Pandemonium.
 60054 | Depths:1 | Found a one-way gate to the infinite horrors of the Abyss.
 60226 | Depths:1 | Gained mutation: You are completely covered in yellow scales. (AC +4, rCorr) [demonic ancestry]
 60226 | Depths:1 | Reached XP level 26. HP: 215/215 MP: 30/35
 60745 | Depths:2 | Found Itor's Book Emporium.
 61256 | Depths:2 | Noticed a juggernaut
 61267 | Depths:2 | Killed a juggernaut
 61267 | Depths:2 | Received a gift from Okawaru
 61278 | Depths:2 | Received a gift from Okawaru
 61460 | Depths:2 | Identified the +7 morningstar "Cibuc" {speed, rN+} (You took it off a tengu reaver on level 2 of the Depths)
 61519 | Depths:2 | Noticed a juggernaut
 61527 | Depths:2 | Killed a juggernaut
 61527 | Depths:2 | Reached skill level 1 in Maces & Flails
 61716 | Depths:2 | Paralysed by a floating eye for 3 turns
 62091 | Depths:3 | Noticed keltmir's ghost (master HOFi)
 62124 | Depths:3 | Killed keltmir's ghost
 62193 | Depths:3 | Found a transporter.
 62338 | Depths:3 | Received a gift from Okawaru
 62858 | Depths:3 | Found Inuriroan's Book Shoppe.
 63203 | Depths:3 | Reached skill level 20 in Armour
 63249 | Depths:3 | Found a transporter.
 63292 | Depths:3 | Got a vibrating glass ring
 63293 | Depths:3 | Identified the ring of Activism {*Drain rElec rPois rF+ rC++} (You found it on level 3 of the Depths)
 63312 | Depths:3 | Got an ancient brass amulet
 63320 | Depths:3 | Identified the amulet of the Endless Stars {Faith Int+2} (You found it on level 3 of the Depths)
 64242 | Depths:4 | Received a gift from Okawaru
 64282 | Depths:4 | Gained mutation: Your magical and physical power is greatly enhanced at high health. [demonic ancestry]
 64282 | Depths:4 | Reached XP level 27. HP: 224/224 MP: 35/35
 64388 | Depths:4 | Received a gift from Okawaru
 64388 | Depths:4 | Reached skill level 5 in Maces & Flails
 64430 | Depths:4 | Received a gift from Okawaru
 64480 | Depths:4 | Noticed Xtahua
 64495 | Depths:4 | Received a gift from Okawaru
 64503 | Depths:4 | Killed Xtahua
 64537 | Depths:4 | Received a gift from Okawaru
 65132 | Depths:5 | Entered Level 5 of the Depths
 65148 | Depths:5 | Found a shimmering altar of Xom.
 65216 | Depths:5 | Found a portal to a secret trove of treasure.
 65337 | Depths:5 | Noticed Frederick
 65349 | Depths:5 | Killed Frederick
 65421 | Depths:5 | Noticed a juggernaut
 65441 | Depths:5 | Killed a juggernaut
 65521 | Depths:5 | Found a gateway to a ziggurat.
 66062 | Depths:5 | Received a gift from Okawaru
 66129 | Depths:5 | Reached skill level 21 in Armour
 66134 | Depths:5 | Found a gate to the Realm of Zot.
 66213 | Depths:4 | Found a runed door.
 66222 | Depths:4 | Noticed a juggernaut
 66234 | Depths:4 | Killed a juggernaut
 66275 | Depths:4 | Found a runed door.
 66279 | Depths:4 | Found a runed door.
 66300 | Depths:4 | Found a runed door.
 66362 | Depths:4 | Got a serpentine tin ring
 66363 | Depths:4 | Identified the ring of Circularity {MP+9 Dex+5} (You found it on level 4 of the Depths)
 66398 | Depths:4 | Got a brightly glowing graven amulet
 66399 | Depths:4 | Identified the amulet "Camixez" {Harm *Drain rPois} (You found it on level 4 of the Depths)
 66426 | Depths:4 | Identified the +7 hand crossbow "Ydulauh" {elec, +Inv rElec rPois Int-4} (You found it on level 4 of the Depths)
 66533 | Zot:1    | Entered Level 1 of the Realm of Zot
 66622 | Zot:1    | Reached skill level 10 in Maces & Flails
 67566 | Zot:2    | Received a gift from Okawaru
 67924 | Zot:2    | Received a gift from Okawaru
 68696 | Zot:3    | Received a gift from Okawaru
 68960 | Zot:3    | Reached skill level 22 in Armour
 69511 | Zot:4    | Received a gift from Okawaru
 69767 | Zot:4    | Found a transporter.
 69769 | Zot:4    | Noticed an ancient lich
 69770 | Zot:4    | Found a radiant altar of Vehumet.
 69799 | Zot:4    | Noticed an ancient lich
 69813 | Zot:4    | Killed an ancient lich
 69886 | Zot:4    | Reached skill level 15 in Dodging
 69889 | Zot:4    | Noticed an orb of fire
 69922 | Zot:4    | Gained mutation: You occasionally shout uncontrollably at your foes. [an orb of fire]
 69925 | Zot:4    | Killed an orb of fire
 69990 | Zot:4    | Found a transporter.
 70025 | Zot:4    | Killed an ancient lich
 70297 | Zot:5    | Entered Level 5 of the Realm of Zot
 70354 | Zot:5    | Received a gift from Okawaru
 70694 | Zot:5    | Noticed an orb of fire
 70702 | Zot:5    | Gained mutation: You are clumsy. (Dex -2) [an orb of fire]
 70714 | Zot:5    | Killed an orb of fire
 70714 | Zot:5    | Received a gift from Okawaru
 70728 | Zot:5    | Noticed an orb of fire
 70742 | Zot:5    | Received a gift from Okawaru
 70750 | Zot:5    | Gained mutation: You expend magic power (3 MP) to strengthen your wands. [an orb of fire]
 70759 | Zot:5    | Killed an orb of fire
 70759 | Zot:5    | Reached skill level 23 in Armour
 70776 | Zot:5    | Received a gift from Okawaru
 70811 | Zot:5    | Noticed an ancient lich
 70816 | Zot:5    | Noticed an orb of fire
 70832 | Zot:5    | Killed an orb of fire
 70832 | Zot:5    | Received a gift from Okawaru
 70833 | Zot:5    | Killed an ancient lich
 70891 | Zot:5    | Received a gift from Okawaru
 70997 | Zot:5    | Received a gift from Okawaru
 71173 | Zot:5    | Noticed an ancient lich
 71178 | Zot:5    | Noticed an orb of fire
 71188 | Zot:5    | Killed an ancient lich
 71188 | Zot:5    | Reached skill level 24 in Armour
 71189 | Zot:5    | Gained mutation: Your magical capacity is low. (-10% MP) [an orb of fire]
 71204 | Zot:5    | Killed an orb of fire
 71211 | Zot:5    | Noticed an orb of fire
 71226 | Zot:5    | Lost mutation: You have supernaturally acute eyesight. (SInv) [an orb of fire]
 71234 | Zot:5    | Killed an orb of fire
 71705 | Zot:5    | Noticed an orb of fire
 71720 | Zot:5    | Gained mutation: You do not regenerate when monsters are visible. [an orb of fire]
 71738 | Zot:5    | Killed an orb of fire
 71738 | Zot:5    | Received a gift from Okawaru
 72114 | Zot:5    | Lost mutation: You occasionally shout uncontrollably at your foes. [potion of mutation]
 72114 | Zot:5    | Lost mutation: Your magical capacity is low. (-10% MP) [potion of mutation]
 72114 | Zot:5    | Lost mutation: You expend magic power (3 MP) to strengthen your wands. [potion of mutation]
 72114 | Zot:5    | Lost mutation: You do not regenerate when monsters are visible. [potion of mutation]
 72114 | Zot:5    | Gained mutation: Your body sometimes deteriorates upon taking damage. [potion of mutation]
 72114 | Zot:5    | Gained mutation: You have supernaturally acute eyesight. (SInv) [potion of mutation]
 72115 | Zot:5    | Lost mutation: You have supernaturally acute eyesight. (SInv) [potion of mutation]
 72115 | Zot:5    | Lost mutation: Your body sometimes deteriorates upon taking damage. [potion of mutation]
 72115 | Zot:5    | Lost mutation: You are clumsy. (Dex -2) [potion of mutation]
 72115 | Zot:5    | Lost mutation: You are resistant to electric shocks. (rElec) [potion of mutation]
 72115 | Zot:5    | Gained mutation: Your body sometimes deteriorates upon taking damage. [potion of mutation]
 72115 | Zot:5    | Gained mutation: Potions are less effective at restoring your health. [potion of mutation]
 72115 | Zot:5    | Gained mutation: You are resistant to electric shocks. (rElec) [potion of mutation]
 72116 | Zot:5    | Lost mutation: Your body sometimes deteriorates upon taking damage. [potion of mutation]
 72116 | Zot:5    | Lost mutation: Potions are less effective at restoring your health. [potion of mutation]
 72116 | Zot:5    | Gained mutation: Your magical capacity is low. (-10% MP) [potion of mutation]
 72116 | Zot:5    | Lost mutation: Your magical capacity is low. (-10% MP) [potion of mutation]
 72130 | Zot:5    | Got the Orb of Zot
 72791 | D:$      | Escaped with the Orb!

Skill      XL: |  1  2  3  4  5  6  7  8  9 10 11 12 13 14 15 16 17 18 19 20 21 22 23 24 25 26 27 |
---------------+----------------------------------------------------------------------------------+-----
Axes           | 2 3 4 6 8 10 12 15 16 | 16.3
Dodging        | 1 2 4 6 9 10 12 13 14 17 | 17.0
Evocations     | 2 3 4 5 6 7 8 11 13 14 16 17 20 | 20.0
Polearms       | 2 6 9 10 11 12 13 | 13.6
Fighting       | 4 5 6 7 9 10 11 13 14 15 16 17 18 19 20 22 | 22.2
Armour         | 4 5 7 8 10 12 13 15 18 19 20 24 | 24.4
Invocations    | 4 8 10 | 10.0
Crossbows      | 5 9 10 12 14 | 14.4
Shields        | 3 9 13 15 | 15.0
Maces & Flails | 4 12 | 12.6

Action                   |  1- 3 |  4- 6 |  7- 9 | 10-12 | 13-15 | 16-18 | 19-21 | 22-24 | 25-27 || total
-------------------------+-------+-------+-------+-------+-------+-------+-------+-------+-------++-------
Melee: War axe           |   105 |    90 |     1 |       |       |       |       |       |       ||   196
       Spear             |       |       |   323 |   781 |   623 |       |       |       |       ||  1727
       Kick              |       |       |    88 |   250 |    60 |       |   291 |   529 |  1321 ||  2539
       Punch             |       |       |       |     3 |    12 |     6 |       |       |       ||    21
       Demon trident     |       |       |       |       |   997 |  1709 |  1283 |  1343 |   882 ||  6214
       Headbutt          |       |       |       |       |       |   337 |   264 |   274 |       ||   875
       Peck              |       |       |       |       |       |       |       |   117 |   856 ||   973
       Broad axe         |       |       |       |       |       |       |       |    99 |   743 ||   842
       Morningstar       |       |       |       |       |       |       |       |       |  1092 ||  1092
 Fire: Longbow           |       |       |     3 |     2 |       |       |       |       |       ||     5
       Arbalest          |       |       |       |    33 |   365 |   179 |       |       |       ||   577
       Hand crossbow     |       |       |       |       |       |   500 |   588 |   348 |   244 ||  1680
Throw: Stone             |       |     9 |       |       |       |       |       |       |       ||     9
       Tomahawk          |       |     4 |    17 |     9 |       |       |       |       |       ||    30
       Throwing net      |       |       |       |       |       |     1 |       |     1 |       ||     2
Invok: Heroism           |       |       |       |     9 |    13 |    18 |    12 |    13 |    24 ||    89
       Finesse           |       |       |       |       |     3 |     4 |     3 |     2 |    14 ||    26
 Abil: Stop Flying       |       |       |       |       |     1 |       |       |       |       ||     1
Evoke: Wand              |       |     8 |    11 |     8 |    14 |    11 |    17 |     2 |    47 ||   118
       Sack of spiders   |       |       |       |       |       |       |       |     4 |     3 ||     7
       Phial of floods   |       |       |       |       |       |       |       |       |     1 ||     1
  Use: Scroll            |     6 |     2 |     9 |     5 |    13 |    12 |    13 |    22 |    17 ||    99
       Potion            |       |       |       |     6 |     2 |     8 |     1 |     4 |     8 ||    29
 Stab: Paralysed         |       |    10 |     1 |       |       |     5 |       |       |     1 ||    17
       Invisible         |       |       |     1 |       |       |       |       |       |       ||     1
       Distracted        |       |       |       |       |     1 |       |       |     1 |     2 ||     4
       Held in net/web   |       |       |       |       |       |       |       |     3 |       ||     3
  Eat: Chunk             |     2 |     4 |    16 |    29 |    35 |    39 |    17 |     4 |       ||   146
       Ration            |       |       |     1 |       |       |       |     2 |     9 |    18 ||    30
Armor: Scale mail        |    61 |    44 |     1 |       |       |    27 |    71 |       |       ||   204
       Chain mail        |       |       |    86 |   300 |   834 |  1048 |       |       |       ||  2268
       Leather armour    |       |       |     2 |       |       |       |       |       |       ||     2
       Plate armour      |       |       |       |       |       |       |   220 |   335 |       ||   555
       Crystal plate arm |       |       |       |       |       |       |       |   205 |   568 ||   773
       Gold dragon scale |       |       |       |       |       |       |       |    73 |   268 ||   341
Dodge: Dodged            |    61 |    39 |    44 |   203 |   670 |   826 |   245 |   368 |   648 ||  3104
Block: Buckler           |       |       |       |       |       |   407 |    66 |       |       ||   473
       Shield            |       |       |       |       |       |       |   383 |   721 |  1089 ||  2193
       Reflection        |       |       |       |       |       |       |       |       |    16 ||    16
